 Dungeon Crawl Stone Soup version 0.31.0-4-g52a2dc7128 (webtiles) character file.

Game seed: 14711630434624037915

1039 olmar the Geomancer (level 8, -1/42 HPs)
             Began as a Gargoyle Earth Elementalist on Jan 21, 2024.
             Slain by an orc
             ... wielding a +0 morningstar
              (9 damage)
             ... on level 5 of the Dungeon.
             The game lasted 00:06:23 (5471 turns).

olmar the Geomancer (Gargoyle Earth Elementalist)   Turns: 5471, Time: 00:06:25

Health: -1/42      AC:  9    Str: 11 (13) XL:     8   Next: 24%
Magic:  2/17       EV:  6    Int: 14 (17) God:
Gold:   294        SH:  0    Dex:  7 (10) Spells: 9/20 levels left

rFire   . . .        e - +2 dagger (drain)
rCold   . . .        (no shield)
rNeg    + + .        a - +0 robe
rPois   ∞            w - +0 helmet
rElec   +            (no cloak)
rCorr   .            (no gloves)
SInv    .            x - +0 pair of boots
Will    +....        (no amulet)
Stlth   ++           d - ring of positive energy
HPRegen 0.27/turn    (no ring)
MPRegen 0.15/turn

%: no passive effects
@: enlightened, flying, held
A: sickness immunity, AC +5, negative energy resistance 1, electricity
resistance, torment resistance 1, petrification resistance
a: no special abilities


You were on level 5 of the Dungeon.
You visited 1 branch of the dungeon, and saw 5 of its levels.

You collected 294 gold pieces.

Inventory:

Hand Weapons
 e - a +2 dagger of draining (weapon)
 l - a +1 whip of flaming
 v - a +5 heavy spear
Missiles
 q - a throwing net
Armour
 a - a +0 robe (worn)
 w - a +0 helmet (worn)
 x - a +0 pair of boots (worn)
Jewellery
 d - a ring of positive energy (left hand)
Wands
 p - a wand of light (12)
Scrolls
 g - 3 scrolls of teleportation {unknown}
 h - a scroll of acquirement {unknown}
 j - 2 scrolls of fog {unknown}
 m - 2 scrolls of revelation {unknown}
 n - a scroll of blinking {unknown}
 o - a scroll of amnesia {unknown}
 s - 2 scrolls of torment {unknown}
 y - a scroll of noise {unknown}
Potions
 b - 2 potions of magic
 c - 2 potions of mutation {unknown}
 f - a potion of resistance
 i - a potion of enlightenment
 r - a potion of degeneration
 t - a potion of invisibility {unknown}
 u - a potion of might {unknown}


   Skills:
 + Level 0.4 Fighting
 - Level 1.5 Dodging
 - Level 2.1 Stealth
 + Level 6.6 Spellcasting
 + Level 1.4 Conjurations
 + Level 8.2 Earth Magic


You had 9 spell levels left.
You knew the following spells:

 Your Spells              Type           Power      Damage    Failure   Level
a - Sandblast             Erth           54%        2d13      1%          1
b - Passwall              Erth           27%        N/A       1%          3
c - Stone Arrow           Conj/Erth      36%        3d9       6%          3
d - Brom's Barrelling Bo  Conj/Erth      18%        2d4       21%         4

Your spell library contained the following spells:

 Spells                   Type           Power      Damage    Failure   Level
 Shock                    Conj/Air       24%        1d4       11%         1
 Sting                    Conj/Alch      24%        1d4       11%         1
 Mercury Vapours          Alch/Air       8%         N/A       22%         2
 Petrify                  Alch/Erth      16%        N/A       26%         4
 Ozocubu's Armour         Ice            4%         N/A       41%         3
 Swiftness                Air            4%         N/A       41%         3
 Tukima's Dance           Hex            4%         N/A       41%         3
 Iskenderun's Mystic Bla  Conj/Tloc      6%         2d4       73%         4
 Airstrike                Air            2%         2d(1-17)  83%         4
 Dimensional Bullseye     Hex/Tloc       2%         N/A       83%         4
 Olgreb's Toxic Radiance  Alch           4%         N/A       83%         4
 Metabolic Englaciation   Hex/Ice        2%         N/A       99%         5
 Sculpt Simulacrum        Ice/Alch       2%         N/A       100%        6


Dungeon Overview and Level Annotations

Branches:
Dungeon (5/15)
 Temple: D:4-7

Altars:
Makhleb
Uskayaw
Yredelemnul

Shops:
D:5 [


Innate Abilities, Weirdness & Mutations

You are immune to sickness and miasma.
Your stone body is resilient. (AC +5)
You are immune to poison.
You resist negative energy. (rN+)
You are resistant to electric shocks. (rElec)
You are resistant to unholy torment.
You are immune to petrification.


Message History

* * * LOW HITPOINT WARNING * * *
The gnoll hits you with a +0 whip.
* * * LOW HITPOINT WARNING * * *
Okay, then.
You feel better. The orc barely misses you.
The gnoll hits you but does no damage. The gnoll hits you with a +0 flail.
* * * LOW HITPOINT WARNING * * *
Unknown command.
Unknown command.
You feel better.
The gnoll sergeant hits you with a +1 heavy spear.
The gnoll hits you but does no damage. The orc hits you with a +0 morningstar.
* * * LOW HITPOINT WARNING * * *
The gnoll hits you but does no damage.
Unknown command.
Unknown command.
You feel better. The gnoll barely misses you. The orc completely misses you.
The gnoll sergeant hits you with a +1 heavy spear.
The gnoll barely misses you.
You feel better. The orc hits you with a +0 morningstar.
The gnoll completely misses you. The gnoll hits you with a +0 flail!
Unknown command.
Unknown command.
You struggle against the net.
The gnoll sergeant hits you with a +1 heavy spear!
* * * LOW HITPOINT WARNING * * *
The gnoll barely misses you. The orc barely misses you.
The gnoll hits you with a +0 whip.
* * * LOW HITPOINT WARNING * * *
Unknown command.
You feel better. The gnoll hits you with a +0 flail.
* * * LOW HITPOINT WARNING * * *
The orc hits you but does no damage. The gnoll sergeant barely misses you.
The gnoll barely misses you.
Unknown command.
Okay, then.
It was a potion of enlightenment.
You feel very buoyant.
You fly up into the air.
The orc hits you with a +0 morningstar!
You die...

...........#......)...#
...............#...#.## <
........##...........####....
.......###...................
......## #...........####....
####### #.............##....
# ##..........#...... #
##................
##..o@g..$.......
......#gg..........
.......)...........
#.....).).........#
##................#
#..........#####.#
#..........# ## #..........#


You could see a gnoll sergeant (blind, unable to see you), 2 gnolls and an orc.

Vanquished Creatures
  Grinder (D:4)
  A black bear (D:5)
  An ogre (D:4)
  A centaur (D:5)
  2 phantoms
  2 scorpions
  2 hounds
  A sleepcap (D:4)
  An orc wizard (D:5)
  Robin (D:4)
  9 gnolls
  2 adders
  3 dart slugs
  A ribbon worm (D:2)
  10 orcs
  7 endoplasms
  5 giant cockroaches
  12 goblins
  6 hobgoblins
  4 ball pythons
  3 bats
  5 frilled lizards
  4 kobolds
  7 rats
91 creatures vanquished.

Vanquished Creatures (collateral kills)
  A boulder (D:5)
1 creature vanquished.

Grand Total: 92 creatures vanquished

Notes
Turn   | Place    | Note
-------+----------+-------------------------------------------
     0 | D:1      | olmar the Gargoyle Earth Elementalist began the quest for
                  | the Orb.
     0 | D:1      | Reached XP level 1. HP: 10/10 MP: 3/3
   284 | D:1      | Reached XP level 2. HP: 15/15 MP: 1/5
   603 | D:1      | Reached skill level 4 in Earth Magic
  1691 | D:2      | Found a burning altar of Makhleb.
  1696 | D:2      | Reached XP level 3. HP: 19/19 MP: 4/6
  1783 | D:2      | Found a faded altar of an unknown god.
  2338 | D:3      | Found a hide-covered altar of Uskayaw.
  2338 | D:3      | Found a basalt altar of Yredelemnul.
  2764 | D:3      | Learned a level 3 spell: Passwall
  2774 | D:3      | Reached XP level 4. HP: 24/24 MP: 6/8
  3472 | D:4      | Noticed a phantom
  3479 | D:4      | Killed a phantom
  3480 | D:4      | Reached skill level 5 in Earth Magic
  3480 | D:4      | Reached XP level 5. HP: 18/28 MP: 3/10
  3524 | D:4      | Learned a level 3 spell: Stone Arrow
  3835 | D:4      | Reached skill level 6 in Earth Magic
  3866 | D:4      | Reached XP level 6. HP: 32/32 MP: 9/12
  4276 | D:4      | Noticed Grinder
  4281 | D:4      | Killed Grinder
  4282 | D:4      | Reached skill level 5 in Spellcasting
  4282 | D:4      | Reached XP level 7. HP: 36/36 MP: 8/14
  4385 | D:4      | Reached skill level 7 in Earth Magic
  4580 | D:4      | Noticed Robin
  4589 | D:4      | Killed Robin
  4751 | D:5      | Entered Level 5 of the Dungeon
  5088 | D:5      | Noticed an animated gold dragon scales
  5089 | D:5      | Found Tainoril's Armour Emporium.
  5100 | D:5      | Noticed an animated storm dragon scales
  5200 | D:5      | Reached skill level 8 in Earth Magic
  5200 | D:5      | Reached XP level 8. HP: 41/41 MP: 14/17
  5205 | D:5      | Learned a level 4 spell: Brom's Barrelling Boulder
  5464 | D:5      | HP: 2/42 [gnoll/+0 whip[a gnoll sergeant] (4)]
  5471 | D:5      | Slain by an orc

Illustrated notes

Levels and vault maps discovered:
D:1:      psy_arrival_basics, layout_basic, minivault_25
D:2:      layout_basic, dilly_ecumenical_altar_fadedgnrine, basic_altar,
          grunt_ministairs_3, grunt_decor_resistance, nicolae_titane
D:3:      layout_basic, gammafunk_temple_overflow_wave, minmay_surrounded
D:4:      layout_basic, minmay_misc_feat_enclosed, dreamdust_gnoll_farm,
          uniq_robin, uniq_grinder
D:5:      layout_rooms, serial_shops, nicolae_shop_mannequins

Skill      XL: |  1  2  3  4  5  6  7 |
---------------+----------------------+-----
Earth Magic    | 4 5 6 8 |  8.2
Spellcasting   | 3 4 5 6 |  6.6
Fighting       | |  0.4
Dodging        | |  1.5
Stealth        | |  2.1
Conjurations   | |  1.4

Action                     |  1- 3 |  4- 6 |  7- 9 || total
---------------------------+-------+-------+-------++-------
  Melee: Dagger            |       |       |     1 ||     1
   Cast: Sandblast         |    63 |    38 |    52 ||   153
         Stone Arrow       |       |       |     6 ||     6
         Brom's Barrelling |       |       |     1 ||     1
  Evoke: Wand              |       |       |     2 ||     2
    Use: Scroll            |     1 |     1 |       ||     2
         Potion            |       |       |     7 ||     7
 Armour: Robe              |     7 |    12 |    51 ||    70
  Dodge: Dodged            |     6 |    10 |    28 ||    44
